 Dungeon Crawl Stone Soup version 0.31-a0-430-gf8416d7 (webtiles) character file.

Game seed: 10925610051871710949

207 Dorkslayer the Insei (level 5, -7/33 HPs)
             Began as an Octopode Shapeshifter on July 30, 2023.
             Killed from afar by an orc wizard (12 damage)
             ... with a puff of flame
             ... on level 4 of the Dungeon.
             The game lasted 00:09:19 (2826 turns).

Dorkslayer the Insei (Octopode Shapeshifter)        Turns: 2826, Time: 00:09:20

Health: -7/33      AC:  1    Str: 14    XL:     5   Next: 85%
Magic:  5/5        EV: 13    Int: 11    God:
Gold:   172        SH:  0    Dex: 14    Spells: 4/4 levels left

rFire   . .          .
                       - Unarmed
rCold   . . .        (no shield)
rNeg    . . .        (helmet currently unavailable)
rPois   .            (no amulet)
rElec   .            (no ring)
rCorr   .            (no ring)
SInv    .            (no ring)
Will    +....        (no ring)
Stlth   +++          (no ring)
HPRegen 0.25/turn    (no ring)
MPRegen 0.09/turn    (no ring)
                     (no ring)

%: no passive effects
@: beast-form, enlightened, flying
A: beast (slay +3), almost no armour, amphibious, 8 rings, camouflage 1,
gelatinous body 1, (nimble swimmer 1), tentacles
a: Begin Untransformation


You were on level 4 of the Dungeon.
You were a hulking beast.
You visited 1 branch of the dungeon, and saw 4 of its levels.

You collected 172 gold pieces.

Inventory:

Missiles
 d - 3 boomerangs (quivered)
Talismans
 b - a beast talisman (active)
 h - a granite talisman
Scrolls
 c - a scroll of brand weapon {unknown}
 e - 2 scrolls of teleportation
 f - a scroll of amnesia {unknown}
 i - a scroll of blinking {unknown}
 j - a scroll of poison {unknown}
 l - a scroll of immolation {unknown}
 o - a scroll of revelation
Potions
 a - a potion of lignification
 k - a potion of cancellation
 m - a potion of attraction


   Skills:
 + Level 1.2 Fighting
 + Level 0.1 Throwing
 + Level 2.2 Dodging
 + Level 2.1 Stealth
 + Level 4.5 Unarmed Combat
 + Level 4.3 Shapeshifting


You had 4 spell levels left.
You didn't know any spells.
Your spell library contained the following spells:

 Spells                   Type           Power      Damage    Failure   Level
 Blink                    Tloc           0%         N/A       47%         2
 Manifold Assault         Tloc           0%         N/A       98%         4


Dungeon Overview and Level Annotations

Branches:
Dungeon (4/15)
 Temple: D:4-7

Altars:
Zin


Innate Abilities, Weirdness & Mutations

You are a hulking beast.
Your limbs bulge with bestial killing power. (Slay +3)
You cannot wear most types of armour.
You are amphibious.
You can wear up to eight rings at the same time.
Your skin changes colour to match your surroundings (Stealth+).
Your rubbery body absorbs attacks. (AC +1, EV +1)
((You are camouflaged when in or above water. (Stealth+)))
You have tentacles for arms and can constrict up to eight enemies at once.


Message History

Aim: an orc, wielding a +0 dagger and quivering boomerangs (severely wounded, 57% to hit)
You throw a javelin. The javelin closely misses the orc.
Something hits you.
Throw: javelin
Press: ? - help, Q - select action, (/) - cycle Shift-Dir - straight line, f - orc, p - orc
Aim: an orc, wielding a +0 club and wearing a +0 leather armour (59% to hit)
You throw a javelin. The javelin pierces through the orc!
You kill the orc!
The javelin pierces through the orc.
The orc is lightly wounded.
Something hits you.
* * * LOW HITPOINT WARNING * * *
Something barely misses you.
It was a potion of enlightenment.
You feel very buoyant.
You fly up into the air.
Something hits you.
* * * LOW HITPOINT WARNING * * *
You feel better. Something hits you.
* * * LOW HITPOINT WARNING * * *
You feel better. Something hits you.
Okay, then.
You tentacle-slap something. Your squeeze misses something.
You tentacle-slap something but do no damage.
Your squeeze misses something. Something hits you.
* * * LOW HITPOINT WARNING * * *
You tentacle-slap something. Something barely misses you.
You tentacle-slap something.
Reactivating autopickup.
You feel a bit more experienced.
Your Stealth skill increases to level 2!
Deactivating autopickup; reactivate with Ctrl-A.
You completely miss something. Your squeeze misses something.
Something hits you.
* * * LOW HITPOINT WARNING * * *
You barely miss something. Something barely misses you.
You tentacle-slap something.
You hear some strange, mumbled words.
A puff of flame appears from out of thin air!
The puff of flame hits you!
You die...

.#
#............####...#######..
.# #..........#(#........#
#.. .#
#..........#.#........# #..
.# #.#'#####..#.(........#
#..
.####.#.#...#..#...o......#
#..
....#.#.#.#.#..#o#o.......#
###.#.#.#.#.#..#o#........#
....#.#.#.#.#..#{#........#
..#.#.#........#h#........+
..#.#.#######.##.#........#
..#.#............#........
........#####'#####
.##.###.####......# ....#
#...........# #####
#...........# #...........#
#.####......#


You could see 2 orcs.

Vanquished Creatures
  An iguana (D:4)
  An orc wizard (D:4)
  2 gnolls
  4 adders (D:2)
  A white imp (D:3)
  6 worms
  6 dart slugs
  2 orcs
  7 ball pythons
  7 bats
  6 endoplasms
  A giant cockroach (D:1)
  5 goblins
  6 hobgoblins
  2 quokkas
  2 frilled lizards (D:1)
  4 kobolds
  6 rats
69 creatures vanquished.

Notes
Turn   | Place    | Note
-------+----------+-------------------------------------------
     0 | D:1      | Dorkslayer the Octopode Shapeshifter began the quest for
                  | the Orb.
     0 | D:1      | Reached XP level 1. HP: 13/13 MP: 1/1
    30 | D:1      | You fall into a shaft and drop 1 floor!
   117 | D:2      | Reached XP level 2. HP: 13/18 MP: 2/2
   156 | D:2      | Found a glowing silver altar of Zin.
   193 | D:2      | Reached XP level 3. HP: 23/23 MP: 3/3
   429 | D:2      | Reached XP level 4. HP: 28/28 MP: 4/4
  1387 | D:2      | Reached skill level 1 in Stealth
  1627 | D:2      | Reached XP level 5. HP: 33/33 MP: 5/5
  2826 | D:4      | Killed from afar by an orc wizard

Illustrated notes

Levels and vault maps discovered:
D:1:      dpeg_arrival_houses_and_road, layout_basic, minmay_misc_feat_encased
D:2:      kennysheep_six_static_rooms, layout_loops_ring, basic_altar,
          serial_co_window_serial, co_window_of_opportunity_a,
          co_window_paths_b, co_window_paths_b, co_window_paths_b,
          co_window_of_opportunity_a, co_window_paths_c, co_window_corner_b,
          co_window_2corner, co_window_broadway_c, co_window_unsneaky_path_a,
          co_window_2corner, minmay_indecisive_spiral
D:3:      layout_rooms
D:4:      layout_basic

Skill      XL: |  1  2  3  4  5 |
---------------+----------------+-----
Unarmed Combat | 4 |  4.5
Shapeshifting  | 4 |  4.3
Stealth        | 1 2 |  2.1
Fighting       | |  1.2
Throwing       | |  0.1
Dodging        | |  2.2

Action                     |  1- 3 |  4- 6 || total
---------------------------+-------+-------++-------
  Melee: Unarmed           |    32 |    97 ||   129
         Constrict         |     8 |    27 ||    35
         Tentacles         |     5 |    19 ||    24
         Punch             |     1 |     4 ||     5
  Throw: Boomerang         |       |     3 ||     3
         Javelin           |       |     9 ||     9
    Use: Scroll            |       |     5 ||     5
         Potion            |       |     4 ||     4
   Stab: Sleeping          |     3 |     6 ||     9
 Armour: Skin              |       |     7 ||     7
  Dodge: Dodged            |    13 |    54 ||    67

Table legend: (Time is in decaauts)
 A = Elapsed time spent in this place.
 B = Non-inter-level travel time spent in this place.
 C = Inter-level travel time spent in this place.
 D = Time resting spent in this place.
 E = Time spent auto-exploring this place.
 F = Levels seen in this place.
 G = Mean time per level.
                   A        B        C        D        E       F      G
               +--------+--------+--------+--------+--------+-----+--------+
         Total |   2821 |   2821 |      0 |      0 |   1645 |   4 |  705.2 |
       Dungeon |   2821 |   2821 |      0 |      0 |   1645 |   4 |  705.2 |
               +--------+--------+--------+--------+--------+-----+--------+

Top non-repeatable levels by time:
     D:2: 1342 daAuts
     D:1: 652 daAuts
     D:4: 454 daAuts
     D:3: 372 daAuts
